 Dungeon Crawl Stone Soup version 0.23-a0-470-g6f7cfd9 (webtiles) character file.

9323 reskin the Cleaver (level 11, -1/78 HPs)
             Began as a Demonspawn Fighter on Nov 27, 2018.
             Was an Elder of Hepliaklqana.
             Slain by an eight-headed hydra (5 damage)
             ... on level 10 of the Dungeon.
             The game lasted 00:20:07 (10855 turns).

reskin the Cleaver (Demonspawn Fighter)            Turns: 10855, Time: 00:20:08

Health: -1/78      AC: 19    Str: 27    XL:     11   Next: 21%
Magic:  11/11      EV:  7    Int:  9    God:    Hepliaklqana [****..]
Gold:   598        SH: 12    Dex: 13    Spells: 10/10 levels left

rFire    . . .     SeeInvis .   y - +0 broad axe
rCold    + . .     Gourm    .   c - +0 shield
rNeg     . . .     Faith    .   O - +0 chain mail
rPois    .         Spirit   .   N - +2 helmet
rElec    .         Reflect  .   (no cloak)
rCorr    .         Harm     .   (no gloves)
MR       .....                  o - +0 pair of boots
Stlth    ..........             u - amulet of regeneration
HPRegen  0.63/turn              k - +3 ring of strength
MPRegen  0.12/turn              L - +4 ring of strength

@: no status effects
A: reduced essence, claws 1, iridescent scales 2, cold resistance 1, demonic
guardian 1, freezing cloud immunity
a: Recall Ancestor, Ancestor Identity, Transference, Idealise, Renounce Religion


You were on level 10 of the Dungeon.
You worshipped Hepliaklqana.
Hepliaklqana was greatly pleased with you.
You were not hungry.

You visited 2 branches of the dungeon, and saw 12 of its levels.

You collected 598 gold pieces.

Inventory:

Hand Weapons
 y - a +0 broad axe (weapon)
   (You found it on level 4 of the Dungeon)
 J - a +0 hunting sling
   (You found it on level 3 of the Dungeon)
Missiles
 g - 71 sling bullets
 E - 5 silver tomahawks (quivered)
Armour
 c - a +0 shield (worn)
 o - a +0 pair of boots (worn)
   (You found it on level 2 of the Dungeon)
 N - a +2 helmet (worn)
   (You found it on level 9 of the Dungeon)
 O - a +0 chain mail (worn)
   (You found it on level 7 of the Dungeon)
Jewellery
 k - a +3 ring of strength (left claw)
   (You found it on level 1 of the Dungeon)
 u - an amulet of regeneration (around neck)
   (You found it on level 8 of the Dungeon)
 F - an uncursed ring of magical power
   (You found it on level 5 of the Dungeon)
 L - a +4 ring of strength (right claw)
   (You found it on level 6 of the Dungeon)
 M - an uncursed ring of fire
   (You found it on level 8 of the Dungeon)
Wands
 d - a wand of iceblast (10)
   (You found it on level 6 of the Dungeon)
 t - a wand of flame (13)
   (You found it on level 5 of the Dungeon)
 v - a wand of digging (4)
   (You took it off Edmund on level 6 of the Dungeon)
 x - a wand of acid (6)
   (You found it on level 6 of the Dungeon)
Scrolls
 b - a scroll of vulnerability {unknown}
 h - 2 scrolls of identify {@r1}
 j - 5 scrolls of teleportation {unknown}
 m - 3 scrolls of fog {unknown}
 n - 9 scrolls of remove curse {@r2}
 q - 2 scrolls of amnesia {unknown}
 w - 2 scrolls of immolation {unknown}
 z - 2 scrolls of blinking {unknown}
 B - 3 scrolls of enchant armour {unknown}
 C - a scroll of enchant weapon {unknown}
 D - 2 scrolls of holy word {unknown}
 G - a scroll of magic mapping {unknown}
Potions
 a - a potion of lignification {unknown}
 f - 4 potions of haste {@q3}
 i - 3 potions of brilliance
 l - a potion of flight {unknown}
 p - 2 potions of agility
 r - 2 potions of curing {@q1}
 s - a potion of heal wounds {unknown}
 I - 3 potions of might
 K - a potion of mutation {unknown}
Comestibles
 e - 23 rations {!d}


   Skills:
 + Level 8.5 Fighting
 * Level 10.4 Axes
 + Level 7.8 Armour
 + Level 7.7 Shields


You had 10 spell levels left.
You didn't know any spells.
Your spell library contained the following spells:

 Spells                   Type           Power        Failure   Level  Hunger
 Flame Tongue             Conj/Fire      #....        99%         1    ##.....
 Throw Flame              Conj/Fire      #.....       100%        2    ###....
 Conjure Flame            Conj/Fire      #.......     100%        3    ####...
 Inner Flame              Hex/Fire       #.......     100%        3    ####...
 Sticky Flame             Conj/Fire      #.......     100%        4    #####..
 Fireball                 Conj/Fire      #.........   100%        5    ######.


Dungeon Overview and Level Annotations

Branches:
Dungeon (11/15)            Temple (1/1) D:6
   Lair: D:8-11         Orc: D:9-12

Altars:
Ashenzari
Cheibriados
Dithmenos
Elyvilon
Fedhas
Gozag
Hepliaklqana
Kikubaaqudgha
Makhleb
Nemelex Xobeh
Okawaru
Qazlal
Ru
Sif Muna
Trog
Uskayaw
Vehumet
Wu Jian
Xom
Yredelemnul
Zin
The Shining One

Shops:
D:6 *   D:7 }

Annotations:
D:8 1 runed door, Allegorical's ghost, novice MiFi
D:9 exclusion: ice statue
D:11 Maurice


Innate Abilities, Weirdness & Mutations

You have sharp fingernails.
You are mostly covered in iridescent scales. (AC +4)
Your flesh is cold resistant. (rC+)
A weak demonic guardian rushes to your aid.
You are immune to freezing clouds.
Your life essence is reduced to manifest your ancestor. (-10% HP)


Message History

The yak closely misses Kendra.
The yak gores Kendra but does no damage.
Kendra hits the seven-headed hydra with a +0 dagger of draining.
Kendra drains the seven-headed hydra!
The yak gores Kendra!
The yak barely misses Kendra.
The yak gores Kendra!
The wolf bites Kendra!
The yak gores Kendra.
Kendra is destroyed!
There is a stone staircase leading up here.
Wear which item? (? for menu, Esc to quit)
Okay, then.
Aim: a wolf The mass of ice explodes!
The iceblast engulfs the wolf.
The iceblast engulfs the seven-headed hydra.
The seven-headed hydra bites you but does no damage. x2
You block the seven-headed hydra's attack.
The seven-headed hydra bites you!
* * * LOW HITPOINT WARNING * * *
The seven-headed hydra bites you but does no damage. x2
The seven-headed hydra bites you!
* * * LOW HITPOINT WARNING * * *
You block the wolf's attack. The worker ant barely misses you.
The wolf bites you but does no damage.
The worker ant bites you but does no damage.
The seven-headed hydra completely misses you.
You block the seven-headed hydra's attack. x2
The seven-headed hydra bites you!
* * * LOW HITPOINT WARNING * * *
The seven-headed hydra bites you but does no damage.
You block the seven-headed hydra's attack.
The seven-headed hydra bites you but does no damage.
You climb upwards.
There is a stone staircase leading down here.
You barely miss the seven-headed hydra. You hit the wolf but do no damage.
You closely miss the worker ant. The wolf barely misses you.
You block the wolf's attack.
The worker ant bites you but does no damage.
You block the seven-headed hydra's attack.
The seven-headed hydra bites you but does no damage. x2
You block the seven-headed hydra's attack. x2
The seven-headed hydra bites you but does no damage. x2
Your shadow imp hits the seven-headed hydra.
You lop one of the seven-headed hydra's heads off!
The six-headed hydra grows two more!
You slash the eight-headed hydra! You slash the worker ant!
You closely miss the wolf. The wolf bites you but does no damage.
The worker ant bites you but does no damage.
You block the wolf's attack.
You block the eight-headed hydra's attack.
The eight-headed hydra bites you.
You die...

#.###.#.#.##########.#
#.# #................#
#(#####.#............#
#)......#.##########.#
#))######.# #.#
#).##...#.# #.#
......#.#.####### #.#
#..##..........a####.#
...######.#####h@D5..#
...# #.##########.#
#### #............#
#.##########.#
#............#
##############


You could see an eight-headed hydra, a wolf, a worker ant and a friendly shadow
imp.

Vanquished Creatures
  A two-headed ogre (D:10)
  An unseen horror (D:10)
  Grinder (D:5)
  A hippogriff (D:8)
  Sigmund (D:6)
  A wyvern (D:10)
  6 yaks (D:9)
  Eustachio (D:6)
  Menkaure (D:5)
  Edmund (D:6)
  4 ice beasts
  2 slaves (D:7)
  An orc warrior (D:10)
  A necrophage (D:5)
  2 sky beasts
  2 ogres
  2 black bears
  A phantom (D:8)
  5 centaurs
  A big kobold (D:9)
  4 bullfrogs
  A water moccasin zombie (D:9)
  5 killer bees (D:9)
  3 wights (D:8)
  3 howler monkeys (D:10)
  2 centaur zombies
  6 crimson imps
  5 hounds
  2 bullfrog zombies
  A quasit (D:9)
  A jelly (D:6)
  4 orc priests
  2 orc wizards
  Natasha (D:4)
  5 worker ants
  2 hound skeletons
  Robin (D:4)
  A howler monkey skeleton (D:8)
  7 adders
  3 oozes
  2 adder skeletons
  A worm (D:3)
  2 dart slugs
  2 leopard geckos (D:7)
  21 orcs
  5 giant cockroaches
  14 goblins
  7 hobgoblins
  6 jackals (D:1)
  5 quokkas
  A ball python (D:1)
  4 bats
  3 frilled lizards
  9 kobolds
  6 rats
183 creatures vanquished.

Vanquished Creatures (collateral kills)
  An unseen horror (D:10)
  Pikel (D:7)
  A centaur zombie (D:10)
  A troll (D:10)
  Prince Ribbit (D:7)
  A hungry ghost (D:8)
  An orc warrior (D:9)
  3 ice beasts
  2 slaves (D:7)
  An ogre (D:5)
  A crocodile (D:10)
  2 big kobolds
  3 bullfrogs
  2 wights (D:8)
  2 killer bees
  2 howler monkeys
  2 hounds
  A jelly (D:8)
  Natasha (D:4)
  An iguana (D:11)
  4 orc wizards
  A worker ant (D:5)
  A hound zombie (D:11)
  3 adders
  An ooze (D:5)
  A leopard gecko (D:10)
  7 orcs (D:5)
  A quokka (D:4)
  A frilled lizard (D:5)
  9 kobolds
  A leopard gecko skeleton (D:4)
60 creatures vanquished.

Vanquished Creatures (others)
  4 hexers
4 creatures vanquished.

Grand Total: 247 creatures vanquished

Notes
Turn   | Place    | Note
-------+----------+-------------------------------------------
     0 | D:1      | reskin the Demonspawn Fighter began the quest for the Orb.
     0 | D:1      | Reached XP level 1. HP: 18/18 MP: 1/1
    45 | D:1      | Reached skill level 2 in Axes
   317 | D:1      | Gained mutation: Your flesh is cold resistant. (rC+)
                  | [demonic ancestry]
   317 | D:1      | Reached XP level 2. HP: 24/24 MP: 2/2
   794 | D:1      | You fall through a shaft!
   859 | D:2      | Gained mutation: You are partially covered in iridescent
                  | scales. (AC +2) [demonic ancestry]
   859 | D:2      | Reached XP level 3. HP: 29/29 MP: 3/3
  1686 | D:2      | Gained mutation: You are immune to freezing clouds.
                  | [demonic ancestry]
  1686 | D:2      | Reached XP level 4. HP: 27/35 MP: 4/4
  1952 | D:3      | Found a sparkling altar of Nemelex Xobeh.
  2479 | D:3      | Found a hazy altar of Hepliaklqana.
  2480 | D:3      | Found a shadowy altar of Dithmenos.
  2496 | D:3      | Became a worshipper of Hepliaklqana the Forgotten
  2555 | D:4      | Reached skill level 3 in Axes
  2604 | D:4      | Reached XP level 5. HP: 36/37 MP: 5/5
  2628 | D:4      | Noticed Robin
  2641 | D:4      | Killed Robin
  3129 | D:4      | Found an opulent altar of Gozag.
  3193 | D:4      | Noticed Natasha
  3200 | D:4      | Killed Natasha
  3342 | D:5      | Entered Level 5 of the Dungeon
  3379 | D:5      | Noticed Menkaure
  3381 | D:5      | Noticed Grinder
  3436 | D:4      | Noticed Natasha
  3443 | D:4      | Killed Natasha
  3443 | D:4      | Reached XP level 6. HP: 32/43 MP: 6/6
  3589 | D:5      | Noticed an ice beast
  3603 | D:5      | Killed an ice beast
  3603 | D:5      | Reached skill level 4 in Axes
  3865 | D:5      | Gained mutation: You are mostly covered in iridescent
                  | scales. (AC +4) [demonic ancestry]
  3865 | D:5      | Reached XP level 7. HP: 40/49 MP: 7/7
  3939 | D:5      | Killed Menkaure
  3939 | D:5      | Reached skill level 5 in Axes
  3960 | D:5      | Paralysed by Grinder for 3 turns
  3962 | D:5      | HP: 1/49 [Grinder/nerve-wracking pain (7)]
  4351 | D:5      | Paralysed by Grinder for 5 turns
  4357 | D:5      | Killed Grinder
  4357 | D:5      | Reached skill level 5 in Fighting
  4527 | D:5      | Gained mutation: You have sharp fingernails. [demonic
                  | ancestry]
  4527 | D:5      | Reached XP level 8. HP: 43/52 MP: 8/8
  5098 | D:5      | Found a shattered altar of Ashenzari.
  5100 | D:5      | Reached * piety under Hepliaklqana
  5178 | D:5      | Reached skill level 6 in Axes
  5236 | D:6      | Noticed Eustachio
  5252 | D:6      | Killed Eustachio
  5252 | D:6      | Reached skill level 5 in Armour
  5252 | D:6      | Reached skill level 5 in Shields
  5301 | D:6      | Found a blossoming altar of Fedhas.
  5331 | D:6      | Noticed Edmund
  5344 | D:6      | Killed Edmund
  5596 | D:6      | Found Kuorch's Assorted Antiques.
  5800 | D:6      | Noticed Sigmund
  5803 | D:6      | Killed Sigmund
  5909 | D:6      | Found a staircase to the Ecumenical Temple.
  5925 | Temple   | Entered the Ecumenical Temple
  6312 | D:7      | Reached skill level 7 in Axes
  6312 | D:7      | Gained mutation: A weak demonic guardian rushes to your
                  | aid. [demonic ancestry]
  6312 | D:7      | Reached XP level 9. HP: 55/59 MP: 9/9
  6405 | D:7      | Noticed Prince Ribbit
  6430 | D:7      | Killed Prince Ribbit
  6783 | D:7      | Reached ** piety under Hepliaklqana
  6785 | D:7      | Remembered your ancestor Kendra as a hexer
  7035 | D:7      | Noticed Pikel
  7042 | D:7      | Killed Pikel
  7093 | D:7      | Reached skill level 8 in Axes
  7572 | D:7      | Found Zicosh's Gadget Shop.
  7979 | D:8      | Noticed Allegorical's ghost (novice MiFi)
  8175 | D:8      | Found a runed door.
  8438 | D:8      | Reached XP level 10. HP: 52/68 MP: 10/10
  8577 | D:8      | Reached *** piety under Hepliaklqana
  8713 | D:8      | Found a stormy altar of Qazlal.
  9366 | D:9      | Reached skill level 9 in Axes
  9777 | D:9      | Noticed an ice statue
  9929 | D:10     | Entered Level 10 of the Dungeon
 10164 | D:10     | Noticed a two-headed ogre
 10168 | D:10     | Killed an unseen horror
 10169 | D:10     | Killed a two-headed ogre
 10169 | D:10     | Reached skill level 10 in Axes
 10169 | D:10     | Reached XP level 11. HP: 18/77 MP: 11/11
 10356 | D:10     | Killed an unseen horror
 10411 | D:10     | Reached **** piety under Hepliaklqana
 10801 | D:11     | Noticed Maurice
 10836 | D:11     | Noticed a four-headed hydra
 10852 | D:11     | HP: 2/78 [seven-headed hydra (9)]
 10855 | D:10     | Slain by an eight-headed hydra

Vault maps used:
D:1:      wander_arrival_abandoned_jail, chequers_garden
D:3:      marbit_many_paths, gammafunk_temple_overflow_pools, first_ration
D:4:      grunt_gozag_statues, uniq_robin, uniq_natasha
D:5:      wander_river, nicolae_overflow_hidden_temple, uniq_menkaure,
          uniq_grinder
D:6:      fedhas_ov_isle_minmay, temple_hall, serial_shops,
          nicolae_shop_temple_entry_statues_fountains, uniq_sigmund,
          uniq_eustachio, uniq_edmund
D:7:      minmay_recursive_quarters, serial_shops, shop, uniq_prince_ribbit1,
          uniq_pikel
D:8:      basic_altar, hellmonk_ghost_happy_afterlife
D:9:      cheibrodos_frozen_isle
D:11:     minmay_lair_entry_grove, serial_shops, shop, grunt_pizzeria,
          minmay_circle_x, uniq_maurice
Temple:   eino_temple_scatter_basement

Skill      XL: |  1  2  3  4  5  6  7  8  9 10 |
---------------+-------------------------------+-----
Axes           | 2 3 4 5 7 8 10 | 10.4
Shields        | 3 4 5 6 7 |  7.7
Armour         | 3 4 5 6 7 |  7.8
Fighting       | 4 5 6 7 8 |  8.5

Action                   |  1- 3 |  4- 6 |  7- 9 | 10-12 || total
-------------------------+-------+-------+-------+-------++-------
Melee: War axe           |   153 |    76 |   275 |    21 ||   525
       Broad axe         |       |    96 |    25 |   226 ||   347
 Fire: Hunting sling     |       |       |     2 |       ||     2
Invok: Recall Ancestor   |       |     4 |     1 |       ||     5
       Ancestor Identity |       |     2 |       |       ||     2
       Ancestor Life: He |       |       |     1 |       ||     1
Evoke: Wand              |       |       |     2 |     2 ||     4
  Use: Scroll            |       |       |     4 |     3 ||     7
       Potion            |       |       |       |     2 ||     2
 Stab: Distracted        |       |       |     3 |     3 ||     6
       Confused          |       |       |     3 |     1 ||     4
  Eat: Chunk             |     3 |    11 |    20 |     8 ||    42
Armor: Scale mail        |    84 |    94 |   135 |       ||   313
       Chain mail        |       |       |    13 |   202 ||   215
Dodge: Dodged            |    53 |    40 |    60 |   103 ||   256
Block: Shield            |   100 |    90 |   159 |   194 ||   543

Table legend:
 A = Non-vault XP
 B = Vault XP
 C = Vault XP percentage of total XP
 D = Non-vault monster count
 E = Vault monster count
 F = Vault count percentage of total count
                 A         B        C        D         E       F
            +---------+---------+-------+---------+---------+-------
      Total |   11025 |    2294 |  17.2 |     210 |      29 |  12.1
            +---------+---------+-------+---------+---------+-------
        D:1 |      51 |       0 |   0.0 |      23 |       0 |   0.0
        D:2 |      49 |       0 |   0.0 |      16 |       0 |   0.0
        D:3 |      17 |       5 |  22.7 |       3 |       1 |  25.0
        D:4 |     191 |      72 |  27.4 |      11 |      13 |  54.2
        D:5 |     983 |     449 |  31.4 |      33 |       2 |   5.7
        D:6 |     244 |     568 |  70.0 |       9 |       3 |  25.0
        D:7 |     722 |    1200 |  62.4 |      10 |      10 |  50.0
        D:8 |    1659 |       0 |   0.0 |      29 |       0 |   0.0
        D:9 |    2605 |       0 |   0.0 |      44 |       0 |   0.0
       D:10 |    4263 |       0 |   0.0 |      28 |       0 |   0.0
       D:11 |     241 |       0 |   0.0 |       4 |       0 |   0.0
            +---------+---------+-------+---------+---------+-------
